 Dungeon Crawl Stone Soup version 0.21.1-1-g345015fe64 (webtiles) character file.

58 NullDivider the Charlatan (level 3, 0/18 HPs)
             Began as a Spriggan Artificer on Apr 22, 2018.
             Slain by an orc wizard
             ... wielding a +0 dagger
              (5 damage)
             ... on level 3 of the Dungeon.
             The game lasted 00:06:31 (2591 turns).

NullDivider the Charlatan (Spriggan Artificer)      Turns: 2591, Time: 00:06:32

Health: 0/18       AC:  2    Str:  8    XL:     3   Next: 76%
Magic:  7/7        EV: 19    Int: 12    God:
Gold:   46         SH:  0    Dex: 17    Spells: 2/2 levels left

rFire    . . .     SeeInvis +   a - +0 short sword
rCold    . . .     Gourm    .   (shield restricted)
rNeg     . . .     Faith    .   b - +0 robe
rPois    .         Spirit   .   (helmet restricted)
rElec    .         Reflect  .   (no cloak)
rCorr    .         Harm     .   (gloves unavailable)
MR       .....                  (boots unavailable)
Stlth    ++........             (no amulet)
HPRegen  0.06/turn              (no ring)
MPRegen  0.10/turn              (no ring)

@: very quick
A: very small, unfitting armour, see invisible, herbivore, speed 3, slow
metabolism 2
a: no special abilities


You were on level 3 of the Dungeon.
You were not hungry.

You visited 1 branch of the dungeon, and saw 3 of its levels.

You collected 46 gold pieces.

Inventory:

Hand Weapons
 a - a +0 short sword (weapon)
Missiles
 g - 30 arrows
Armour
 b - a +0 robe (worn)
Wands
 c - a wand of flame (15)
 d - a wand of enslavement (11)
 e - a wand of random effects (15)
Scrolls
 h - a scroll of remove curse {unknown}
 i - a scroll of enchant armour {unknown}
 m - a scroll of amnesia {unknown}
 n - a scroll of fear {unknown}
 p - a scroll of identify {unknown}
 r - a scroll of enchant weapon {unknown}
Potions
 j - a potion of might {unknown}
 k - a potion of brilliance {unknown}
 l - a potion of curing {unknown}
 o - a potion of heal wounds {unknown}
 q - 2 potions of degeneration {unknown}
Comestibles
 f - 8 rations


   Skills:
 * Level 1.8 Fighting
 + Level 1.9 Short Blades
 + Level 3.6 Dodging
 + Level 2.8 Stealth
 + Level 4.4 Evocations


You had 2 spell levels left.
You didn't know any spells.

Dungeon Overview and Level Annotations

Branches:
Dungeon (3/15)

Altars:
Fedhas
Qazlal
Vehumet


Innate Abilities, Weirdness & Mutations

You are very small and have problems with some larger weapons.
You are too small for most types of armour.
You have supernaturally acute eyesight. (SInv)
You are a herbivore.
You cover ground extremely quickly.
You need consume almost no food.


Message History

Your orc wizard hits the orc with a dagger.
The orc dies!
Really attack your orc wizard?
You hit your orc wizard.
The orc wizard is no longer charmed.
The orc wizard shouts!
The orc wizard is severely wounded.
The orc wizard closely misses you.
You hit the orc wizard but do no damage.
The orc wizard is severely wounded.
The orc wizard closely misses you. The orc wizard casts a spell at you.
The magic dart hits you!
* * * LOW HITPOINT WARNING * * *
You closely miss the orc wizard.
The orc wizard is severely wounded.
The orc wizard begins to cast a cantrip, but forgets the words!
You miss the orc wizard.
The orc wizard is severely wounded.
The orc wizard closely misses you. The orc wizard hits you with a dagger.
You die...

####### #.....#
##.....##########
#...............#
#......##.....#.#
#.#.....#.###.#
#@#.#...#.# #
#o#.....#.#
#)#....†#.#
#)#.###.#†# #.#.#
.#.# #.#.# .#.#
#.#. .#.# .# ...
.#.# .# ... .#.#
###.#


You could see an orc wizard.

Vanquished Creatures
  A worm (D:3)
  3 dart slugs
  3 leopard geckos
  5 orcs (D:3)
  3 goblins
  5 hobgoblins
  3 jackals (D:1)
  2 kobolds
  4 bats
  4 frilled lizards
  2 rats
  A fungus (D:2)
36 creatures vanquished.

Vanquished Creatures (collateral kills)
  4 orcs (D:3)
  A frilled lizard (D:1)
  A kobold (D:3)
6 creatures vanquished.

Vanquished Creatures (others)
  A jackal (D:1)
1 creature vanquished.

Grand Total: 43 creatures vanquished

Notes
Turn   | Place    | Note
-------+----------+-------------------------------------------
     0 | D:1      | NullDivider the Spriggan Artificer began the quest for the Orb.
     0 | D:1      | Reached XP level 1. HP: 9/9 MP: 4/4
    54 | D:1      | Reached skill level 1 in Fighting
   312 | D:1      | Reached XP level 2. HP: 14/14 MP: 6/6
  1856 | D:2      | Found a radiant altar of Vehumet.
  1917 | D:2      | Reached XP level 3. HP: 18/18 MP: 7/7
  2041 | D:2      | Found a blossoming altar of Fedhas.
  2166 | D:2      | Found a stormy altar of Qazlal.
  2591 | D:3      | Slain by an orc wizard

Skill      XL: |  1 |
---------------+----+-----
Fighting       | 1 |  1.8
Stealth        | 2 |  2.8
Short Blades   | |  1.9
Dodging        | |  3.6
Evocations     | |  4.4

Action                   || total
-------------------------++-------
Melee: Short sword       ||   199
Evoke: Wand              ||     4
 Stab: Sleeping          ||     9
Armor: Robe              ||     8
Dodge: Dodged            ||   130
